 Dungeon Crawl Stone Soup version 0.25-a0-294-gea9b1ad (webtiles) character file.

Game seed: 3939524958257094440, levelgen mode: deterministic

2866 Birdy the Arsonist (level 9, 0/139 HPs)
             Began as an Ogre Fire Elementalist on Dec 19, 2019.
             Succumbed to a killer bee's poison
             ... on level 7 of the Dungeon.
             The game lasted 00:27:09 (6654 turns).

Birdy the Arsonist (Ogre Fire Elementalist)         Turns: 6654, Time: 00:27:09

Health: 0/139      AC: 24    Str: 14    XL:     9   Next: 75%
Magic:  2/19       EV:  1    Int: 25    God:
Gold:   272        SH:  0    Dex: 14    Spells: 17/21 levels left

rFire    + . .     SeeInvis +   m - +5 mace of the Eggplant {crush, MR+ Int+6}
rCold    . . .     Gourm    .   (no shield)
rNeg     + + +     Faith    .   (armour currently unavailable)
rPois    +         Spirit   .   (helmet currently unavailable)
rElec    .         Reflect  .   (cloak currently unavailable)
rCorr    .         Harm     .   (gloves unavailable)
MR       +....     NoTele   +   (boots unavailable)
Stlth    +++.......             (no amulet)
HPRegen  0.33/turn              e - ring of protection from fire
MPRegen  0.16/turn              (no ring)

@: agile, lethally poisoned (0 -> 0), tree-form, very slightly contaminated
A: large, unfitting armour, see invisible
a: no special abilities


You were on level 7 of the Dungeon.
You were hungry.
You were a tree.
You visited 2 branches of the dungeon, and saw 8 of its levels.

You collected 272 gold pieces.

Inventory:

Hand Weapons
 m - the +5 mace of the Eggplant (weapon) {crush, MR+ Int+6}
   (You found it on level 4 of the Dungeon)

   It inflicts extra damage upon your enemies.
   It affects your intelligence (+6).
   It affects your resistance to hostile enchantments.
 u - a +0 giant spiked club
Armour
 a - a +1 robe (melded)
 f - a +0 hat (melded)
 g - a cursed +0 cloak (melded)
Jewellery
 e - a ring of protection from fire (left branch)
Wands
 q - a wand of digging (4)
Scrolls
 b - a scroll of magic mapping
 d - 2 scrolls of amnesia
 h - a scroll of remove curse
 k - 2 scrolls of teleportation
 n - a scroll of identify
 p - a scroll of immolation
 r - a scroll of fear
 s - a scroll of noise
Potions
 i - a potion of lignification
 l - 2 potions of flight
Comestibles
 c - 13 rations


   Skills:
 + Level 7.2 Fighting
 - Level 1.7 Dodging
 - Level 1.4 Stealth
 + Level 6.6 Spellcasting
 * Level 7.5 Conjurations
 * Level 3.8 Hexes
   Level 5.4 Charms
 * Level 8.0 Fire Magic


You had 17 spell levels left.
You knew the following spells:

 Your Spells              Type           Power        Failure   Level  Hunger
a - Foxfire               Conj/Fire      ####         1%          1    None
b - Inner Flame           Hex/Fire       #####...     1%          3    None

Your spell library contained the following spells:

 Spells                   Type           Power        Failure   Level  Hunger
 Corona                   Hex            ####...      1%          1    None
 Conjure Flame            Conj/Fire      #####...     1%          3    None
 Dazzling Flash           Conj/Hex       #####.       1%          3    None
 Sticky Flame             Conj/Fire      #####...     2%          4    ###....
 Ensorcelled Hibernation  Hex/Ice        ###...       4%          2    None
 Confuse                  Hex            ####....     4%          3    None
 Tukima's Dance           Hex            ####....     4%          3    None
 Fireball                 Conj/Fire      #####.....   8%          5    #####..


Dungeon Overview and Level Annotations

Branches:
Dungeon (7/15)             Temple (1/1) D:4

Altars:
Ashenzari
Cheibriados
Dithmenos
Elyvilon
Fedhas
Gozag
Hepliaklqana
Kikubaaqudgha
Makhleb
Nemelex Xobeh
Okawaru
Qazlal
Ru
Sif Muna
Trog
Uskayaw
Wu Jian
Xom
Yredelemnul
Zin
The Shining One

Shops:
D:6 %

Annotations:
D:7 Dowan, Duvessa


Innate Abilities, Weirdness & Mutations

You are too large for most types of armour.
((You have tough skin. (AC +1)))
((You have sharp toenails.))
((You are partially covered in large bone plates. (SH +4)))
You have supernaturally acute eyesight. (SInv)
((You are occasionally teleported next to monsters.))


Message History

Okay, then.
* * * LOW HITPOINT WARNING * * *
You feel sick.
* * * LOW HITPOINT WARNING * * *
You feel sick.
Casting: Foxfire (safe; 1% risk of failure)
Confirm with . or Enter, or press ? or * to list all spells.
Okay, then.
What are your orders? t - Creak!
Orders for allies: a - Attack new target. r - Retreat! s - Stop attacking. g - Guard the area. f - Follow me.
Anything else - Cancel.
Retreat in which direction?
Press: ? - help, Dir - move target cursor, f - you
Okay, then.
As you read the scroll of fear, it crumbles to dust.
You assume a fearsome visage.
Dowan looks frightened!
You die...

......v......#...#
########☼○e..#...#
#§...%#.†.#
#.........#
#.........#
#.........######
#...............
#....†#.########
###..♣.........
#.#####.#.########
#.................
#.#######........#
+........+
#........#
#........#
#........#
#........#


You could see Dowan (fleeing).

Vanquished Creatures
  Menkaure (D:4)
  An orc warrior (D:6)
  An ice beast (D:2)
  3 ogres
  A big kobold (D:7)
  A bullfrog (D:7)
  A scorpion (D:5)
  6 killer bees (D:7)
  2 howler monkeys (D:7)
  A crimson imp (D:5)
  A bullfrog zombie (D:5)
  2 hounds
  6 orc priests
  2 orc wizards (D:6)
  Crazy Yiuf (D:4)
  A worker ant (D:4)
  A killer bee zombie (D:7)
  A hound zombie (D:6)
  A howler monkey zombie (D:7)
  9 adders
  3 gnolls (D:3)
  3 oozes
  2 adder skeletons
  An adder zombie (D:7)
  A worm (D:2)
  3 leopard geckos
  14 orcs
  A ball python (D:4)
  10 giant cockroaches
  7 goblins
  6 hobgoblins
  7 jackals
  2 quokkas
  6 bats
  4 frilled lizards
  2 jackal skeletons (D:5)
  13 kobolds
  A quokka skeleton (D:6)
  13 rats
142 creatures vanquished.

Vanquished Creatures (others)
  A rat (D:1)
  384 foxfires
385 creatures vanquished.

Grand Total: 527 creatures vanquished

Notes
Turn   | Place    | Note
-------+----------+-------------------------------------------
     0 | D:1      | Birdy the Ogre Fire Elementalist began the quest for the
                  | Orb.
     0 | D:1      | Reached XP level 1. HP: 16/16 MP: 3/3
    15 | D:1      | Reached skill level 1 in Conjurations
   185 | D:1      | Reached XP level 2. HP: 26/26 MP: 2/5
   315 | D:1      | Found a glowing golden altar of the Shining One.
  1066 | D:2      | Reached skill level 3 in Fire Magic
  1246 | D:2      | Reached skill level 1 in Fighting
  1246 | D:2      | Reached XP level 3. HP: 33/33 MP: 1/7
  1637 | D:2      | Reached XP level 4. HP: 41/41 MP: 2/8
  1990 | D:2      | Noticed an ice beast
  1999 | D:2      | Killed an ice beast
  1999 | D:2      | Reached XP level 5. HP: 47/49 MP: 4/9
  2329 | D:2      | Learned a level 3 spell: Inner Flame
  2471 | D:3      | Reached skill level 4 in Fire Magic
  2627 | D:3      | Reached XP level 6. HP: 57/59 MP: 8/11
  2708 | D:3      | Reached skill level 1 in Hexes
  3223 | D:3      | Gained mutation: You are occasionally teleported next to
                  | monsters. [potion of mutation]
  3223 | D:3      | Gained mutation: You have supernaturally acute eyesight.
                  | (SInv) [potion of mutation]
  3223 | D:3      | Gained mutation: You have sharp toenails. [potion of
                  | mutation]
  3223 | D:3      | Gained mutation: You are partially covered in large bone
                  | plates. (SH +4) [potion of mutation]
  3335 | D:4      | Found a staircase to the Ecumenical Temple.
  3342 | Temple   | Entered the Ecumenical Temple
  3868 | D:4      | Noticed Menkaure
  3882 | D:4      | Killed Menkaure
  3882 | D:4      | Reached XP level 7. HP: 67/67 MP: 6/12
  4170 | D:4      | Found a runed translucent door.
  4171 | D:4      | Noticed Crazy Yiuf
  4189 | D:4      | Killed Crazy Yiuf
  4201 | D:4      | Got an ancient mace
  4202 | D:4      | Identified the +5 mace of the Eggplant {crush, MR+ Int+6}
                  | (You found it on level 4 of the Dungeon)
  4556 | D:5      | Entered Level 5 of the Dungeon
  4941 | D:5      | Found a shimmering altar of Xom.
  5088 | D:5      | Reached skill level 5 in Fire Magic
  5097 | D:5      | Reached XP level 8. HP: 74/78 MP: 8/14
  5640 | D:6      | Reached skill level 5 in Charms
  5640 | D:6      | Reached skill level 7 in Fire Magic
  5640 | D:6      | Reached XP level 9. HP: 57/93 MP: 10/18
  6135 | D:6      | Found Bameon's Food Emporium.
  6631 | D:7      | Noticed Duvessa
  6632 | D:7      | Noticed Dowan
  6643 | D:7      | Reached skill level 8 in Fire Magic
  6648 | D:7      | HP: 1/93 [killer bee (7)]
  6654 | D:7      | Succumbed to a killer bee's poison

Levels and vault maps discovered:
D:1:      lightli_arrival_maybe_door_vault, layout_basic, minmay_misc_feat_iff,
          tso_metal_star
D:2:      layout_loops_cross, minmay_increasing_density
D:3:      layout_basic, chequers_serial_rivers_small_a
D:4:      layout_loops_corners, minmay_temple_entry_trees, first_ration,
          uniq_crazy_yiuf_cottage, uniq_menkaure
D:5:      layout_cave_pods, xom_teletrap_fun
D:6:      layout_basic, serial_shops, nicolae_shop_trees
D:7:      gammafunk_wand_slinger, layout_basic, uniq_duvessa, uniq_joseph
Temple:   nicolae_temple_the_god_donut

Skill      XL: |  1  2  3  4  5  6  7  8  9 |
---------------+----------------------------+-----
Conjurations   | 1 2 3 4 7 |  7.5
Fire Magic     | 3 4 5 7 8 |  8.0
Fighting       | 1 2 3 7 |  7.2
Spellcasting   | 3 4 6 |  6.6
Hexes          | 1 2 3 |  3.8
Charms         | 5 |  5.4
Dodging        | |  1.7
Stealth        | |  1.4

Action                   |  1- 3 |  4- 6 |  7- 9 || total
-------------------------+-------+-------+-------++-------
Melee: Unarmed           |    15 |       |       ||    15
       Whip              |    23 |     6 |       ||    29
       Dagger            |       |    40 |     5 ||    45
       Kick              |       |     1 |     5 ||     6
       Mace              |       |       |    16 ||    16
 Cast: Foxfire           |    47 |    89 |    95 ||   231
       Inner Flame       |       |     3 |    10 ||    13
  Use: Scroll            |     8 |     3 |     7 ||    18
       Potion            |     1 |     3 |     4 ||     8
 Stab: Sleeping          |     1 |       |     1 ||     2
  Eat: Chunk             |     2 |     4 |     5 ||    11
       Ration            |       |     1 |     1 ||     2
Armor: Robe              |    15 |    16 |     9 ||    40
Dodge: Dodged            |    36 |    44 |    22 ||   102
Block: Other             |       |     3 |    11 ||    14

Table legend:
 A = Non-vault XP
 B = Vault XP
 C = Vault XP percentage of total XP
 D = Non-vault monster count
 E = Vault monster count
 F = Vault count percentage of total count
                 A         B        C        D         E       F
            +---------+---------+-------+---------+---------+-------
      Total |    2319 |     225 |   8.8 |     134 |       9 |   6.3
            +---------+---------+-------+---------+---------+-------
        D:1 |      16 |       0 |   0.0 |      12 |       0 |   0.0
        D:2 |     217 |      16 |   6.9 |      26 |       7 |  21.2
        D:3 |     153 |       0 |   0.0 |      29 |       0 |   0.0
        D:4 |     199 |     209 |  51.2 |      14 |       2 |  12.5
        D:5 |     356 |       0 |   0.0 |      13 |       0 |   0.0
        D:6 |     611 |       0 |   0.0 |      17 |       0 |   0.0
        D:7 |     726 |       0 |   0.0 |      22 |       0 |   0.0
     Temple |      41 |       0 |   0.0 |       1 |       0 |   0.0
            +---------+---------+-------+---------+---------+-------
